 Dungeon Crawl Stone Soup version 0.29.1-12-g30fa7ad0bf (webtiles) character file.

Game seed: 8230404718829450600

60 xSliceyx the Magician (level 4, -1/31 HPs)
             Began as a Djinni Hedge Wizard on Dec 21, 2022.
             Slain by a shadow imp (2 damage)
             ... summoned by Natasha
             ... on level 3 of the Dungeon.
             The game lasted 00:06:47 (2676 turns).

xSliceyx the Magician (Djinni Hedge Wizard)         Turns: 2676, Time: 00:06:47

Health: -1/31      AC:  2    Str:  9    XL:     4   Next: 24%
Gold:   123        EV: 12    Int: 17    God:
                   SH:  0    Dex: 13

rFire   + + .      SeeInvis .   a - +0 dagger
rCold   x . .      Faith    .   (no shield)
rNeg    . . .      Spirit   .   b - +0 robe
rPois   ∞          Reflect  .   c - +0 hat
rElec   .          Harm     .   (no cloak)
rCorr   .          Rampage  .   (no gloves)
Will    .....                   (boots unavailable)
Stlth   ++........              (no amulet)
HPRegen 0.10/turn               (no ring)
MPRegen 0.00/turn               (no ring)

@: flying, very slightly contaminated
A: sickness immunity, fire resistance 2, cold vulnerability 1, float, innate
caster, HP casting, extra vitality 1
a: no special abilities


You were on level 3 of the Dungeon.
You visited 1 branch of the dungeon, and saw 3 of its levels.

You collected 123 gold pieces.

Inventory:

Hand Weapons
 a - a +0 dagger (weapon)
Missiles
 o - 4 poisoned darts
 p - 3 curare-tipped darts
Armour
 b - a +0 robe (worn)
 c - a +0 hat (worn)
 h - a +1 ring mail of fire resistance
Jewellery
 j - a ring of protection from fire
Scrolls
 d - a scroll of fog {unknown}
 g - 2 scrolls of summoning {unknown}
 l - 2 scrolls of enchant weapon {unknown}
 m - a scroll of immolation {unknown}
Potions
 e - a potion of curing {unknown}
 f - a potion of might {unknown}
 i - a potion of heal wounds {unknown}
 k - a potion of berserk rage {unknown}
 n - a potion of cancellation {unknown}
 q - a potion of flight {unknown}
 r - a potion of lignification {unknown}


   Skills:
 - Level 2.1 Dodging
 - Level 1.5 Stealth
 + Level 3.7 Spellcasting


You couldn't memorise any spells.
You knew the following spells:

 Your Spells              Type           Power      Damage    Failure   Level
a - Magic Dart            Conj           64%        1d6       3%          1
b - Blink                 Tloc           32%        N/A       5%          2
c - Call Imp              Summ           16%        N/A       5%          2
d - Slow                  Hex            64%        N/A       3%          1
e - Conjure Flame         Conj/Fire      16%        6-21      11%         3
f - Mephitic Cloud        Conj/Pois/Air  16%        N/A       11%         3
g - Necrotise             Necr           64%        1d7       3%          1
Your spell library was empty.

Dungeon Overview and Level Annotations

Branches:
Dungeon (3/15)

Altars:

Annotations:
D:3 Natasha


Innate Abilities, Weirdness & Mutations

You are immune to sickness and miasma.
You are immune to poison.
Your flesh is very heat resistant. (rF++)
You are vulnerable to cold. (rC-)
You float through the air rather than walking.
You learn spells naturally, not from books.
Your magical power is your life essence.
You have superior vitality. (+4 MHP)


Message History

Casting: Magic Dart (safe; 3% risk of failure)
Confirm with . or Enter, or press ? or * to list all spells.
Aiming: Magic Dart (safe; 3% risk of failure)
Press: ? - help, Shift-Dir - straight line, f/p - Natasha
Aim: Natasha (severely wounded, slow, 100% to hit)
You miscast Magic Dart.
You are very lightly contaminated with residual magic.
Nothing appears to happen.
* * * LOW HITPOINT WARNING * * *
Your crimson imp hits the crimson imp.
The shadow imp gestures at you.
You barely resist.
The crimson imp blinks!
Casting: Magic Dart (safe; 3% risk of failure)
Confirm with . or Enter, or press ? or * to list all spells.
Aiming: Magic Dart (safe; 3% risk of failure)
Press: ? - help, Shift-Dir - straight line, f/p - Natasha
Aim: Natasha (severely wounded, slow, 100% to hit)
Okay, then.
Okay, then.
Your crimson imp blinks!
Unknown command.
The shadow imp attacks as you move away!
The shadow imp hits you but does no damage.
The crimson imp blinks!
Casting: Magic Dart (safe; 3% risk of failure)
Confirm with . or Enter, or press ? or * to list all spells.
Aiming: Magic Dart (safe; 3% risk of failure)
Press: ? - help, Shift-Dir - straight line, f/p - Natasha
Aim: Natasha (severely wounded, slow, 100% to hit)
The magic dart hits Natasha.
Natasha is almost dead.
* * * LOW HITPOINT WARNING * * *
Natasha claws you but does no damage. The crimson imp hits you.
* * * LOW HITPOINT WARNING * * *
The shadow imp barely misses you.
Your crimson imp misses the shadow imp.
Unknown command.
You closely miss Natasha.
Natasha is almost dead.
The shadow imp hits you.
You die...

#. #. #.#
#.##.######
...........
#.......#
#.......#
#....5..#
#.....@5#
#.....h5#
#.......#
###.....5.#
#.........#
#####.....#
##..###
##.# #.#


You could see Natasha (slow), 2 crimson imps, a shadow imp (summoned) and a
friendly crimson imp (summoned).

Vanquished Creatures
  An adder (D:2)
  A worm (D:2)
  A dart slug (D:2)
  4 ball pythons (D:1)
  A bat (D:2)
  2 endoplasms
  A giant cockroach (D:1)
  3 goblins
  3 hobgoblins
  4 jackals (D:1)
  2 quokkas
  A frilled lizard (D:2)
  2 rats (D:1)
26 creatures vanquished.

Vanquished Creatures (collateral kills)
  An adder (D:2)
  A goblin (D:2)
  2 jackals (D:1)
  A ball python (D:1)
  A frilled lizard (D:1)
6 creatures vanquished.

Grand Total: 32 creatures vanquished

Notes
Turn   | Place    | Note
-------+----------+-------------------------------------------
     0 | D:1      | xSliceyx the Djinni Hedge Wizard began the quest for the
                  | Orb.
     0 | D:1      | xSliceyx set off with the following spells memorised: Magic
                  | Dart, Blink, Call Imp, Slow, Conjure Flame, Mephitic Cloud.
     0 | D:1      | Reached XP level 1. HP: 15/15 MP: 0/0
   273 | D:1      | Reached XP level 2. HP: 19/21 MP: 0/0
   574 | D:1      | Found a faded altar of an unknown god.
   587 | D:1      | Reached skill level 3 in Spellcasting
   764 | D:1      | Reached XP level 3. HP: 12/25 MP: 0/0
   764 | D:1      | Learned a level 1 spell: Necrotise
  2071 | D:2      | Reached XP level 4. HP: 28/31 MP: 0/0
  2654 | D:3      | Noticed Natasha
  2675 | D:3      | HP: 1/31 [crimson imp[Natasha] (1)]
  2676 | D:3      | Slain by a shadow imp

Illustrated notes

Levels and vault maps discovered:
D:1:      dpeg_arrival_three_bigger_balls, layout_basic,
          nicolae_ecumenical_snake_handling
D:2:      layout_loops_ring, kennysheep_generic_room_9
D:3:      layout_basic, lemuel_round_altar, supply_closet_lemuel,
          chequers_serial_rivers_small_b, uniq_natasha, uniq_ijyb, uniq_grinder

Skill      XL: |  1  2 |
---------------+-------+-----
Spellcasting   | 3 |  3.7
Dodging        | |  2.1
Stealth        | |  1.5

Action                   |  1- 3 |  4- 6 || total
-------------------------+-------+-------++-------
Melee: Dagger            |     3 |     4 ||     7
 Cast: Magic Dart        |    56 |    14 ||    70
       Call Imp          |     2 |     3 ||     5
       Necrotise         |     9 |       ||     9
       Conjure Flame     |     1 |       ||     1
       Slow              |       |     2 ||     2
Armor: Robe              |     4 |     2 ||     6
Dodge: Dodged            |     9 |     2 ||    11
